AoeStats
← zdena.omega

Arena

507818893Analyzed
1v1 RM · 12d ago on Sep 19, 2026· 35m 23s· 2 players
Game mode
Random Map
Map size
Tiny (2 player)
Population
200
Speed
Normal
Resources
Standard
Victory
Conquest
Starting age
Dark Age
Ending age
Imperial Age
RankedLock teamsTeams togetherTeam positionsShared explorationLock speedFull tech treeHidden civsTurbo modeCheats
Victory
Defeat
🇹🇷 Byzantines · Türkiye
1173
+15
🇨🇿 Teutons · Czechia
1162
-15
zdena.omega
6:10 Loom
10:52 Feudal Age
11:49 Double-Bit Axe
16:34 Castle Age
15:17 Stone Mining
16:54 Man-at-Arms
17:37 Squires
17:51 Town Watch
19:29 Long Swordsman
26:25 Gold Mining
28:56 Wheelbarrow
28:34 Bow Saw
27:52 Pikeman
31:51 Imperial Age
29:59 Fletching
30:10 Padded Archer Armor
30:06 Horse Collar
33:47 Cavalier
serkanorbay
2:39 Loom
12:13 Feudal Age
13:54 Horse Collar
17:42 Castle Age
18:50 Wheelbarrow
25:15 Imperial Age
25:03 Sanctity
24:54 Fervor
24:46 Gold Mining
25:42 Padded Archer Armor
26:58 Chemistry
25:52 Double-Bit Axe
28:16 Leather Archer Armor
30:38 Gold Shaft Mining
34:16 Ring Archer Armor
Connection lost

Rejoining the realm…

Still unreachable

The connection could not be restored.

Session expired

The server has moved on; the page needs a fresh start.